Cogmind - Beta 15 @@@ ROGUE MODE // 2025.08.02 @ 23:19:37 Player: Cracklepappy Result: Destroyed by D-53 Grenadier with Mini Grenade Launcher Performance ------------- Evolutions (0) 0 Regions Visited (2) 400 Robots Destroyed (28) 140 Value Destroyed (481) 481 Prototype IDs (3) 60 Alien Tech Used (0) 0 Bonus (0) 0 TOTAL SCORE: 1081 Bonus ------- None Cogmind --------- Core Integrity 0/250 Matter 234/300 Energy 92/100 System Corruption 0% Temperature Cool (75) Movement Rolling (140) Ox4 Location -10/Mines Parts ------- > --- POWER (1) -------- (None) > --- PROPULSION (2) --- Wheel > --- UTILITY (2) ------ High-capacity Storage Unit Seismic Detector > --- WEAPON (2) ------- Beam Cannon Light Cannon > --- INVENTORY (20) --- Ion Engine Ion Engine Wheel Wheel Improved Heat Sink Huge Storage Unit Medium Matter Pod (100) Signal Interpreter Seismic Detector ECM Suite Hacking Suite Light Cannon Light Cannon Light Cannon Light Cannon Light Cannon Light Cannon Grenade Launcher Grenade Launcher Makeshift Spear Peak State ------------ > --- POWER ------------ Ion Engine > --- PROPULSION ------- Wheel Wheel > --- UTILITY ---------- High-capacity Storage Unit Seismic Detector > --- WEAPON ----------- Light Cannon Mining Laser > --- INVENTORY -------- Ion Engine Ion Engine Wheel Wheel Improved Heat Sink Huge Storage Unit Medium Matter Pod Sensor Array Signal Interpreter Seismic Detector ECM Suite Power Shielding Utility Shielding Small Laser Small Laser Assault Rifle Grenade Launcher Grenade Launcher [Rating: 9] Favorites ----------- Power Ion Engine Engine Ion Engine Propulsion Wheel Wheel Wheel Utility Seismic Detector Device Seismic Detector Storage High-capacity Storage Unit Weapon Assault Rifle Energy Gun Small Laser Energy Cannon Beam Cannon Ballistic Gun Assault Rifle Ballistic Cannon Light Cannon Special Weapon Mining Laser Build | -11 -10 -10 ------- Run | Yrd Mat Min Slots Evolved . | . . . Power . | . . . Propulsion . | . . . Utility . | . . . Weapon . | . . . Parts Attached 16 | 8 8 . Power 2 | 1 1 . Engine 2 | 1 1 . Core . | . . . Reactor . | . . . Propulsion 3 | 2 1 . Treads . | . . . Leg . | . . . Wheel 3 | 2 1 . Hover . | . . . Flight . | . . . Utility 4 | 2 2 . Device 1 | 1 . . Storage 3 | 1 2 . Processor . | . . . Hackware . | . . . Protection . | . . . Artifact . | . . . Weapon 7 | 3 4 . Energy Gun 2 | 2 . . Energy Cannon 1 | . 1 . Ballistic Gun 1 | 1 . . Ballistic Cannon 2 | . 2 . Launcher . | . . . Special Weapon 1 | . 1 . Impact Weapon . | . . . Slashing Weapon . | . . . Piercing Weapon . | . . . Special Melee Weapon . | . . . Unidentified Prototypes . | . . . Parts Lost 3 | . 1 2 Power 1 | . . 1 Propulsion 1 | . . 1 Utility . | . . . Weapon 1 | . 1 . Highest Loss Streak 2 | . 1 2 To Critical Strikes . | . . . Average Backups 12 | 5 13 20 Power 1 | . 1 2 Propulsion 2 | 2 2 2 Utility 4 | . 4 7 Weapon 4 | . 4 9 Tool/Special . | . . . Unused Backups 24 | 1 7 16 Power 1 | . . 1 Propulsion 4 | 1 1 2 Utility 10 | . 4 6 Weapon 9 | . 2 7 Tool/Special . | . . . Average Slot Usage (%) 99 | . 99 98 Engine 13 | . 14 12 Wheel 28 | . 28 28 Device 14 | . 14 14 Storage 14 | . 14 14 Energy Gun 4 | . 4 . Energy Cannon 3 | . 2 14 Ballistic Gun 8 | . 9 . Ballistic Cannon 10 | . 9 14 Special Weapon 1 | . 1 . Peak Build Rating 9 | 7 9 9 Average Rating 7 | 6 7 8 On Entrance 5 | . 7 9 Naked Turns . | . . . Heaviest Build 91 | 14 91 52 Greatest Support 20 | 20 20 20 Greatest Overweight (x) 4 | . 4 2 Average Overweight (x) 1 | . 1 2 Largest Inventory Capacity 25 | 8 25 20 Average Capacity 16 | 7 17 20 Most Carried 20 | 8 20 20 Average Carried 12 | 5 13 19 Final Capacity 20 | 8 20 20 Final Carried 20 | 8 20 20 Class Distribution -------------------- 100% | Mutant Dominant Class ---------------- Mutant | -10/Materials Mutant | -10/Mines Resources | -11 -10 -10 ----------- Run | Yrd Mat Min Matter Collected 775 | 328 413 34 Remotely . | . . . Salvage Created 793 | 209 560 24 Parts 50 | 23 24 3 Haulers Intercepted 2 | . 2 . Recyclers Shooed 1 | 1 . . Parts Field Recycled . | . . . Retrieved Matter . | . . . Parts Self-Destructed . | . . . Prevented . | . . . Kills | -11 -10 -10 ------- Run | Yrd Mat Min Combat Hostiles Destroyed 13 | . 11 2 Guns 6 | . 6 . Cannons 6 | . 4 2 AOE 1 | . 1 . Classes Destroyed 8 | 3 5 . Worker 3 | 2 1 . Tunneler 6 | 6 . . Hauler 2 | . 2 . Recycler 2 | 1 1 . Operator 1 | . 1 . Watcher 1 | . 1 . Swarmer 5 | . 3 2 Grunt 8 | . 8 . Best Kill Streak 4 | 4 4 2 Combat Bots Only 3 | . 3 2 Max Kills in Single Turn 2 | 1 1 2 Gunslinging . | . . . Exploded 1 | . 1 . Melee . | . . . Uniques/NPCs Destroyed . | . . . Combat | -11 -10 -10 -------- Run | Yrd Mat Min Hostile Shots Fired 47 | . 32 15 Missed 9 | . 6 3 Hits 38 | . 26 12 Projectile 38 | . 26 12 AOE 11 | . . 11 Critical Strikes 2 | . 2 . Damage Taken 742 | . 322 420 Core 263 | . 72 191 Absorbed by Shields . | . . . Regen/Repaired (Parts) 71 | . 71 . Core Remaining (%) 100 | 100 . . Volleys Fired 85 | 16 63 6 Largest 2 | 2 2 2 Hottest 100 | 60 100 90 Shots Fired 154 | 32 110 12 Gun 106 | 32 74 . Cannon 43 | . 31 12 Launcher . | . . . Special 5 | . 5 . Kinetic 98 | 16 76 6 Thermal 44 | 16 22 6 Explosive . | . . . Electromagnetic 12 | . 12 . Robot Hit Streak 7 | 3 7 5 Robot Miss Streak 4 | 2 4 1 Penetration Max . | . . . Secondary Targets 2 | . 2 . Max Gunslinging Chain 1 | . 1 . Shots Hit Robots 85 | 16 60 9 Core Hits 41 | 10 28 3 Critical Kills . | . . . Critical Parts Destroyed 1 | . 1 . Critical Strikes 1 | . 1 . Destroy 1 | . 1 . Melee Attacks . | . . . Impact . | . . . Slashing . | . . . Piercing . | . . . Sneak Attacks . | . . . Combat Hostiles . | . . . Follow-up Attacks . | . . . Damage Inflicted 1289 | 189 924 176 Guns 767 | 189 578 . Cannons 397 | . 221 176 Explosions 125 | . 125 . Melee . | . . . Ramming . | . . . Kinetic 807 | 126 591 90 Thermal 379 | 63 230 86 Explosive . | . . . Electromagnetic 103 | . 103 . Impact . | . . . Slashing . | . . . Piercing . | . . . Highest Corruption . | . . . Average Corruption . | . . . Corruption Purged . | . . . Corruption Blocked . | . . . Overload Shots . | . . . Overflow Damage 25 | . 25 . Projectiles . | . . . Explosions 25 | . 25 . Melee . | . . . Knockbacks 2 | . 1 1 Impact . | . . . Kinetic 2 | . 1 1 Secondary . | . . . Self-Inflicted Damage 29 | . 29 . Shots 1 | . 1 . Rammed . | . . . Targets Rammed . | . . . Kicked . | . . . Crushed . | . . . Highest Temperature 75 | . 40 75 Average Temperature 19 | . 15 41 Received Heat Transfer 162 | . 162 . Siege Activations . | . . . Martial Activations . | . . . Shielding Activations . | . . . Robots Disrupted . | . . . Combat Hostiles . | . . . Robots Corrupted . | . . . Combat Hostiles . | . . . Parts Fried . | . . . Impact Corruptions . | . . . Robots Melted . | . . . Combat Hostiles . | . . . Parts Melted . | . . . Heat Transferred 722 | 150 387 185 Parts Sabotaged . | . . . Parts Stolen . | . . . Parts Stripped . | . . . Power Chain Reactions 2 | . 2 . Alert | -11 -10 -10 ------- Run | Yrd Mat Min Maximum Alert Level . | . . . Low Security (%) 100 | 100 100 100 Level 1 . | . . . Level 2 . | . . . Level 3 . | . . . Level 4 . | . . . Level 5 . | . . . High Security . | . . . Max Security . | . . . Peak Influence 110 | 10 110 65 Initial 10 | . . 10 Average 32 | 1 39 21 Influence Increases 570 | 45 460 65 Destroy 0b10 Robot/C 260 | . 220 40 Destroy 0b10 Robot/NC 75 | 45 30 . Destroy Leader 56 | . 46 10 Successful Hack 15 | . 15 . Select Force Hacks 30 | . 30 . Disable Machine 60 | . 45 15 Destroy Structure 14 | . 14 . Lose Combat Pursuer 60 | . 60 . Influence Decreases 545 | 45 433 67 Entered New Map 17 | . . 17 Time Decay 498 | 45 423 30 Lost Part 30 | . 10 20 Squads Dispatched 2 | . 2 . Investigation 1 | . 1 . Extermination . | . . . Reinforcement 1 | . 1 . Assault . | . . . Garrison . | . . . Intercept . | . . . Searches Triggered . | . . . Construction Impeded . | . . . Haulers Reinforced . | . . . Active Scanning Responses . | . . . Cargo Convoy Interrupts . | . . . Stealth | -11 -10 -10 --------- Run | Yrd Mat Min Distress Signals 3 | . 3 . Communications Jammed . | . . . Distress Signals . | . . . Times Spotted 38 | . 33 5 Peak Tracking Total 4 | . 4 3 Tactical Retreats 3 | . 3 . Traps | -11 -10 -10 ------- Run | Yrd Mat Min Traps Triggered . | . . . Indirectly . | . . . Trap Hack Attempts . | . . . Triggered . | . . . Disarmed . | . . . Reprogrammed . | . . . Reused . | . . . Traps Extracted . | . . . Installed . | . . . Triggered . | . . . Machines | -11 -10 -10 ---------- Run | Yrd Mat Min Machines Disabled 4 | . 3 1 Max in Single Turn 1 | . 1 1 Machines Repaired . | . . . Machines Dismantled . | . . . Machines Sabotaged . | . . . Overloaded Fab Kills . | . . . Hacking | -11 -10 -10 --------- Run | Yrd Mat Min Machines Accessed 9 | . 9 . Terminals 6 | . 6 . Fabricators . | . . . Repair Stations 1 | . 1 . Recycling Units 2 | . 2 . Scanalyzers . | . . . Garrison Access . | . . . Total Hacks 29 | . 29 . Successful 11 | . 11 . Failed 18 | . 18 . Catastrophic 4 | . 4 . Database Lockouts . | . . . Manual 20 | . 20 . Terminals 22 | . 22 . Fabricators . | . . . Repair Stations 2 | . 2 . Recycling Units 5 | . 5 . Scanalyzers . | . . . Garrison Access . | . . . Terminal Hacks 5 | . 5 . Part Schematic 1 | . 1 . Robot Schematic 1 | . 1 . Prototype ID Bank 2 | . 2 . Locate Traps 1 | . 1 . Fabricator Hacks . | . . . Repair Station Hacks 2 | . 2 . Scan Component 1 | . 1 . Repair 1 | . 1 . Recycling Unit Hacks . | . . . Scanalyzer . | . . . Garrison Access Hacks . | . . . Unauthorized Hacks 4 | . 4 . Terminals 3 | . 3 . Operators 1 | . 1 . Skim 2 | . 2 . Fabricators . | . . . Repair Stations . | . . . Recycling Units 1 | . 1 . Tunnel 1 | . 1 . Scanalyzers . | . . . Garrison Access . | . . . Data Cores Recovered . | . . . Used . | . . . Hacking Detections 8 | . 8 . Full Trace Events 3 | . 3 . Feedback Events . | . . . Feedback Blocked . | . . . Robot Schematics Acquired 1 | . 1 . Robots Built . | . . . Authchips . | . . . Time . | . . . Total Robot Build Rating . | . . . Part Schematics Acquired 1 | . 1 . Parts Built . | . . . Authchips . | . . . Time . | . . . Total Part Build Rating . | . . . Parts Repaired 1 | . 1 . Time 26 | . 26 . Parts Recycled . | . . . Recycled Matter . | . . . Retrieved Matter . | . . . Retrieved Components . | . . . Parts Scanalyzed . | . . . Part Schematics Acquired . | . . . Parts Damaged . | . . . Bothacking | -11 -10 -10 ------------ Run | Yrd Mat Min Used RIF Installer . | . . . Robots Hacked . | . . . Non-combat . | . . . Combat . | . . . Robot Hacks Applied . | . . . Relay Couplers Released . | . . . Fabnet Peak Effective % . | . . . Robots Rewired . | . . . Allies Hacked . | . . . Hacks Repelled . | . . . Allies | -11 -10 -10 -------- Run | Yrd Mat Min Total Allies . | . . . Largest Group . | . . . Highest-Rated Group . | . . . Highest-Rated Ally . | . . . Total Orders . | . . . Ally Attacks . | . . . Total Damage . | . . . Kills . | . . . Allies Corrupted . | . . . Allies Melted . | . . . Intel | -11 -10 -10 ------- Run | Yrd Mat Min Active Infowar (turns) 1444 | 91 1234 119 Seismic 1444 | 91 1234 119 Robot Analysis Total . | . . . Derelict Logs Recovered . | . . . Drone Launches . | . . . Drone Recoveries . | . . . Exploration | -11 -10 -10 ------------- Run | Yrd Mat Min Turns Passed 1573 | 220 1234 119 Spaces Moved 1047 | 124 832 91 Core 3 | 3 . . Treads . | . . . Legs . | . . . Wheels 1044 | 121 832 91 Hover . | . . . Flight . | . . . Fastest Speed 50 | 50 80 110 Average Speed 104 | 79 107 110 Slowest Speed 140 | 80 140 110 Overloaded Moves . | . . . Propulsion Burnouts . | . . . Robots Hopped . | . . . Potential Cave-ins . | . . . Cave-ins Triggered . | . . . Exploration Rate (%) 39 | 5 96 17 Regions Visited 2 Branch Regions 1 Pre-discovered Areas 1 | . 1 . Known Exits Taken . | . . . Unknown Exits Taken 2 | 1 1 . Scrap Searched . | . . . Spaces Dug 4 | . 4 . Terrain Destroyed 13 | . 13 . Melee . | . . . Projectile 4 | . 4 . AOE 9 | . 9 . Terrain Rammed . | . . . Walls Destroyed . | . . . Machines Disabled . | . . . Actions | -11 -10 -10 --------- Run | Yrd Mat Min Total 1356 | 209 1048 99 Wait 158 | 52 106 . Move 1045 | 123 831 91 Hop . | . . . Pick Up 31 | 9 21 1 Fast Attach 9 | 7 2 . Attach 1 | . 1 . Detach 1 | . 1 . Swap 13 | 1 12 . Drop 13 | 1 11 1 Fire 85 | 16 63 6 Melee . | . . . Ram . | . . . Kick . | . . . Crush . | . . . Escape Stasis . | . . . Rewire . | . . . Trap . | . . . Miscellaneous . | . . . Route ------- -11/Scrapyard -10/Materials (discovered 5 exits: [*Mat x3] / [*Min x2]) -10/Mines (discovered 1 exit: [*Mat]) History --------- Turn | Location | Event 27 | -11/Scrapyard | Discovered new exit (range 16) 221 | -11/Scrapyard | Entered Materials 301 | -10/Materials | Build established: Mutant 408 | -10/Materials | Discovered new exit (range 12) 592 | -10/Materials | Discovered new exit (range 12) 669 | -10/Materials | Discovered new exit (range 15) 948 | -10/Materials | Discovered new exit (range 11) 1256 | -10/Materials | Discovered new exit (range 4) 1322 | -10/Materials | Repaired Lgt. Cannon 1455 | -10/Materials | Entered Mines 1481 | -10/Mines | Discovered new exit (range 12) 1546 | -10/Mines | A weapon hastily lodged in a ceiling crevice suddenly fell to the ground 1557 | -10/Mines | Assembled infested the area 1566 | -10/Mines | Core integrity fell below 50% 1568 | -10/Mines | Core integrity fell below 20% 1574 | -10/Mines | Destroyed by D-53 Grenadier with Mini Grenade Launcher Last Messages --------------- LOCATION=UNKNOWN GOAL=ESCAPE Something is scanning the area. 01481_ EXIT=FOUND 01493_ K-01 Serf collects debris. 01527_ S-10 Pest destroyed. 01531_ Acquired 30 matter. 01532_ Acquired 4 matter. 01545_ R-06 Scavenger collects Flight Unit. 01546_ A Mak. Spear has been hastily shoved under some rubble with a note attached: "Stab them where it hurts!" 01548_ Dropped Mining Laser. 01549_ R-06 Scavenger collects Flight Unit. 01549_ Acquired Mak. Spear. 01557_ ALERT: Infestation in the mines, dispatching Demolisher response squad. 01563_ C-30 ARC bursts open, deploying its payload. 01563_ D-53 Grenadier unfolds itself. 01567_ Ion Engine destroyed. 01572_ Wheel destroyed. Map ----- +----------------------------------------------------+ | ?????????????????????????????????????????????????? | | ?????????????????????????????????????????????????? | | ?????????????????????????????????????????????????? | | ?????????????????????????????????????????????????? | | ?????????????????????????????????????????????????? | | ?????????????????????????????????????????????????? | | ?????????????????????????????????????????????????? | | ?????????????????????????????????????????????????? | | ?????????????????????????????????????????????????? | | ?????????????????????????????????????????????????? | | ?????????????????????????????????????????????????? | | ?????????????????????????????????????????????????? | | ?????????????????????????????????????????????????? | | ?????????????????????????????????????????????????? | | ?????????????????????????????????????????????????? | | ?????????????????????????????????????????????????? | | ?????????????????????????????????????????????????? | | ?????????????????????????????????????????????????? | | ?????????????????????????????????????????????????? | | ????????????????????????????####?????????????????? | | ??????????????????????####### #####?????????????? | | ?????????????????????## #?????????????? | | ????????????????????## #????????????????? | | #???????????????????# ##????????????????? | | ##??????????#####???# ##?????????????????? | | ##????????## #???# @ #??????????????????? | | #????????# #???# #??????????????????? | | #????????# #???# #??????????????????? | | ##????????## #???## ##??????????????????? | | #####?####### #????# ##???????????????????? | | ## ### ## ##???# u ###????????????????????? | | # #???# ###??????????????????????? | | < #####dd#????????????????????????? | | ### % %#????????????????????????? | | ###?## #####%###????????????????????????? | | ####????## ##???# #??????????????????????????? | | ##????????# ##????# #??????????????????????????? | | #?????????# ##?????#=#??????????????????????????? | | #?????????# ##????### #####??????????????????????? | | ??????????###?????# * * #??????????????????????? | | ??????????????????# % [ #??????????????????????? | | ??????????????????# %"" #??????????????????????? | | ??????????????????# """ #??????????????????????? | | ??????????????????# """ #??????????????????????? | | ??????????????????#########??????????????????????? | | ?????????????????????????????????????????????????? | | | | | | | | | +----------------------------------------------------+ Best States ------------- Heat Dissipation 25 Energy Generation 10 Energy Capacity 250 Matter Stores 300 Matter Capacity 300 Sight Range 16 Terrain Scan Density 10 Evasion (%) 44 Item Schematics ----------------- Wheel | -10/Materials | Hacked Robot Schematics ------------------ M-13 Machinist | -10/Materials | Hacked Fabricated ------------ Nothing Repaired ---------- Lgt. Cannon | 40% | -10/Materials Alien Tech Used ----------------- None Achievements -------------- None Challenges ------------ None Game ------ Seed EnhancedPoweredDoublenader Manual? 0 Play Time 00:11:36 Cumulative 1180.3 hours Start 2025.08.02 @ 23:08:33 End 2025.08.02 @ 23:19:37 Sessions 1 Manual Loads 0 Difficulty Rogue Special Mode None Game No. 571 Rogue 571 Adventurer 0 Explorer 0 Win Type - Total 23 Types 10/4/3/0/1/1/2/2/0/0 Lore% 90 Gallery% 90 Achievement% 84 Wizard Run 0 Options --------- Layout 0 ASCII 0 Keyboard 0 Movement Numpad Keybinds 0 Fullscreen 2 Font 24/Smallcaps Map View 76x50 Zoom Use 0% Tactical HUD 1 Map Filters NONE Filters SHIFT_HUE(315) Steam 1 RUN: 3ca33e20-2e15-4aa4-87d5-ceebdaf2f201